 Dungeon Crawl Stone Soup version 0.27-a0-1181-g5f64966fcc (webtiles) character file.

Game seed: 17008212687126146280

113 leviel the Shield-Bearer (level 4, -3/40 HPs)
             Began as a Minotaur Fighter on May 17, 2021.
             Was a Believer of Lugonu.
             Slain by a gnoll
             ... wielding a +0 spear
              (4 damage)
             ... on level 3 of the Dungeon.
             The game lasted 00:02:57 (2687 turns).

leviel the Shield-Bearer (Minotaur Fighter)         Turns: 2687, Time: 00:02:58

Health: -3/40      AC:  7    Str: 22    XL:     4   Next: 65%
Magic:  3/3        EV:  7    Int:  5    God:    Lugonu [**....]
Gold:   139        SH:  9    Dex:  9    Spells: 3/3 levels left

rFire    . . .     SeeInvis .   a - +0 war axe
rCold    . . .     Faith    .   c - +0 kite shield
rNeg     . . .     Spirit   .   b - +0 scale mail
rPois    .         Reflect  .   (helmet restricted)
rElec    .         Harm     .   (no cloak)
rCorr    .         Rampage  .   (no gloves)
Will     .....                  (no boots)
Stlth    ..........             (no amulet)
HPRegen  0.13/turn              (no ring)
MPRegen  0.08/turn              (no ring)

@: no status effects
A: horns 2, retaliatory headbutt
a: Renounce Religion, Depart the Abyss, Bend Space


You were on level 3 of the Dungeon.
You worshipped Lugonu.
Lugonu was pleased with you.
You visited 1 branch of the dungeon, and saw 3 of its levels.

You collected 139 gold pieces.

Inventory:

Hand Weapons
 a - a +0 war axe (weapon)
Missiles
 g - 4 javelins (quivered)
Armour
 b - a +0 scale mail (worn)
 c - a +0 kite shield (worn)
Scrolls
 e - a scroll of identify {@r1}
 h - a scroll of holy word {unknown}
 i - a scroll of noise {unknown}
 k - a scroll of enchant armour {unknown}
 m - a scroll of fog {unknown}
 n - a scroll of magic mapping {unknown}
Potions
 d - a potion of might
 f - a potion of lignification {unknown}
 j - a potion of curing {unknown}
 l - a potion of resistance {unknown}
 o - a potion of flight {unknown}


   Skills:
 + Level 4.2 Fighting
 + Level 3.6 Axes
 + Level 0.8 Throwing
 + Level 4.3 Armour
 + Level 0.4 Dodging
 + Level 4.6 Shields


You had 3 spell levels left.
You didn't know any spells.
Your spell library was empty.

Dungeon Overview and Level Annotations

Branches:
Dungeon (3/15)

Altars:
Lugonu

Shops:
D:1 (


Innate Abilities, Weirdness & Mutations

You have a pair of horns on your head.
You reflexively headbutt those who attack you in melee.


Message History

Press: ? - help, Q - select action, (/) - cycle Shift-Dir - straight line, f - gnoll
Aim: a gnoll, wielding a +0 spear (60% to hit)
You throw a javelin. The javelin pierces through the gnoll!
The gnoll is heavily wounded.
The javelin closely misses the gnoll.
The gnoll hits you from afar with a +0 spear.
* * * LOW HITPOINT WARNING * * *
The gnoll hits you from afar with a +0 spear.
* * * LOW HITPOINT WARNING * * *
You are too injured to fight recklessly!
Throw: 8 javelins
Press: ? - help, Q - select action, (/) - cycle Shift-Dir - straight line, f/p - gnoll
Aim: a gnoll, wielding a +0 spear (heavily wounded, 60% to hit)
You throw a javelin. The javelin pierces through the gnoll!
You kill the gnoll!
Lugonu accepts your kill.
The javelin pierces through the gnoll!
You kill the gnoll!
Lugonu accepts your kill.
The javelin pierces through the gnoll but does no damage.
Throw: 7 javelins
Press: ? - help, Q - select action, (/) - cycle Shift-Dir - straight line, f - gnoll
Aim: a gnoll, wielding a +0 spear (60% to hit)
You throw a javelin. The javelin pierces through the gnoll!
The gnoll is severely wounded.
Throw: 6 javelins
Press: ? - help, Q - select action, (/) - cycle Shift-Dir - straight line, f/p - gnoll
Aim: a gnoll, wielding a +0 spear (severely wounded, 60% to hit)
You throw a javelin. The javelin pierces through the gnoll.
The gnoll is almost dead.
The javelin barely misses the gnoll.
The gnoll barely misses you. You block the gnoll's attack.
Throw: 5 javelins
Press: ? - help, Q - select action, (/) - cycle Shift-Dir - straight line, f/p - gnoll
Aim: a gnoll, wielding a +0 spear (almost dead, 60% to hit)
You throw a javelin. The javelin barely misses the gnoll.
The gnoll hits you from afar with a +0 spear.
* * * LOW HITPOINT WARNING * * *
The gnoll hits you from afar with a +0 spear.
You die...

.............######.##
........###### ##..#
........# #...#
....##<.# ##...# ####
#### #...## # #...# #
##...# # ###...## #
###..@..# ####
##..g...## ...#
#...g.### .#.#
##)..### .#.## #..)##
...g######...#
#...g..g##(..#
#######g##..## #g#...#


You could see 2 gnolls.

Vanquished Creatures
  3 gnolls
  2 dart slugs (D:1)
  5 ball pythons
  4 bats
  4 endoplasms (D:1)
  A giant cockroach (D:2)
  9 goblins
  13 hobgoblins
  9 jackals
  7 frilled lizards
  8 kobolds
  6 rats
71 creatures vanquished.

Vanquished Creatures (others)
  A plant (D:1)
  5 toadstools (D:1)
6 creatures vanquished.

Grand Total: 77 creatures vanquished

Notes
Turn   | Place    | Note
-------+----------+-------------------------------------------
     0 | D:1      | leviel the Minotaur Fighter began the quest for the Orb.
     0 | D:1      | Reached XP level 1. HP: 19/19 MP: 0/0
   191 | D:1      | Reached XP level 2. HP: 27/27 MP: 1/1
   547 | D:1      | Found Vusehean's Weapon Emporium.
   556 | D:1      | Reached XP level 3. HP: 33/33 MP: 2/2
  1622 | D:2      | Reached XP level 4. HP: 40/40 MP: 3/3
  1660 | D:2      | Found a faded altar of an unknown god.
  1791 | D:2      | Became a worshipper of Lugonu the Unformed
  1791 | D:2      | Reached * piety under Lugonu
  1791 | D:2      | Reached ** piety under Lugonu
  2687 | D:3      | HP: 1/40 [gnoll/+0 spear (6)]
  2687 | D:3      | Slain by a gnoll

Illustrated notes

Levels and vault maps discovered:
D:1:      ldierk_walled_garden, layout_loops_corners, serial_shops,
          shop_fountains, minivault_24, serial_bayou_pond_b
D:2:      layout_loops_ring, hellmonk_ecumenical_altar_inner_sanctum,
          dk_noncrumbling_2, minmay_goblin_kobold_house
D:3:      minmay_chambers_of_threes, layout_rooms,
          grunt_temple_overflow_diamond, serial_curves, eino_curves_04,
          eino_curves_04, serial_shops, shop, uniq_jessica, uniq_grinder

Skill      XL: |  1  2  3 |
---------------+----------+-----
Shields        | 4 |  4.6
Fighting       | 4 |  4.2
Armour         | 4 |  4.3
Axes           | 3 |  3.6
Throwing       | |  0.8
Dodging        | |  0.4

Action                   |  1- 3 |  4- 6 || total
-------------------------+-------+-------++-------
Melee: War axe           |    84 |    37 ||   121
       Headbutt          |     9 |     6 ||    15
Throw: Javelin           |    29 |     6 ||    35
  Use: Scroll            |     1 |       ||     1
Armor: Scale mail        |    46 |    17 ||    63
Dodge: Dodged            |    31 |    12 ||    43
Block: Kite shield       |    64 |    13 ||    77

Table legend: (Time is in decaauts)
 A = Elapsed time spent in this place.
 B = Non-inter-level travel time spent in this place.
 C = Inter-level travel time spent in this place.
 D = Time resting spent in this place.
 E = Time spent auto-exploring this place.
 F = Levels seen in this place.
 G = Mean time per level.
                   A        B        C        D        E       F      G
               +--------+--------+--------+--------+--------+-----+--------+
         Total |   2787 |   2572 |    215 |      0 |   2144 |   3 |  929.0 |
       Dungeon |   2787 |   2572 |    215 |      0 |   2144 |   3 |  929.0 |
               +--------+--------+--------+--------+--------+-----+--------+

Top non-repeatable levels by time:
     D:1: 1394 daAuts
     D:2: 1223 daAuts
     D:3: 169 daAuts
